 Dungeon Crawl Stone Soup version 0.29-a0-469-gd254ca66d9 (webtiles) character file.

Game seed: 17924606934114933192

46 Bruhh the Gusty (level 3, -1/31 HPs)
             Began as an Ogre Air Elementalist on May 22, 2022.
             Slain by a hobgoblin (4 damage)
             ... led by Robin
             ... on level 1 of the Dungeon.
             The game lasted 00:02:06 (1981 turns).

Bruhh the Gusty (Ogre Air Elementalist)             Turns: 1981, Time: 00:02:06

Health: -1/31      AC:  3    Str: 12    XL:     3   Next: 68%
Magic:  4/6        EV:  9    Int: 18    God:
Gold:   46         SH:  0    Dex:  9    Spells: 3/6 levels left

rFire   . . .      SeeInvis .   f - +1 dagger
rCold   + . .      Faith    .   (no shield)
rNeg    . . .      Spirit   .   a - +0 robe
rPois   .          Reflect  .   (helmet restricted)
rElec   .          Harm     .   (no cloak)
rCorr   .          Rampage  .   (gloves unavailable)
Will    .....                   (boots unavailable)
Stlth   +.........              (no amulet)
HPRegen 0.10/turn               i - ring of protection from cold
MPRegen 0.10/turn               (no ring)

@: no status effects
A: large, unfitting armour, tough skin 1
a: no special abilities


You were on level 1 of the Dungeon.
You visited 1 branch of the dungeon, and saw 2 of its levels.

You collected 46 gold pieces.

Inventory:

Hand Weapons
 f - a +1 dagger (weapon)
Armour
 a - a +0 robe (worn)
Jewellery
 i - a ring of protection from cold (left hand)
Scrolls
 c - a scroll of identify {unknown}
 e - a scroll of enchant weapon
 g - a scroll of torment {unknown}
 h - a scroll of fear {unknown}
 j - a scroll of summoning {unknown}
 k - a scroll of amnesia {unknown}
 l - a scroll of magic mapping {unknown}
Potions
 d - a potion of curing {unknown}


   Skills:
 - Level 1.7 Dodging
 - Level 1.4 Stealth
 - Level 2.4 Spellcasting
 + Level 2.2 Conjurations
 + Level 3.4 Air Magic


You had 3 spell levels left.
You knew the following spells:

 Your Spells              Type           Power      Damage    Failure   Level
a - Shock                 Conj/Air       48%        1d6       5%          1
b - Static Discharge      Conj/Air       12%        N/A       9%          2

Your spell library contained the following spells:

 Spells                   Type           Power      Damage    Failure   Level
 Swiftness                Air            14%        N/A       12%         3
 Poisonous Vapours        Pois/Air       16%        N/A       13%         2
 Airstrike                Air            7%         N/A       38%         4
 Corpse Rot               Necr/Pois/Air  6%         N/A       71%         4


Dungeon Overview and Level Annotations

Branches:
Dungeon (2/15)

Altars:

Annotations:
D:2 Robin


Innate Abilities, Weirdness & Mutations

You are too large for most types of armour.
You have tough skin. (AC +1)


Message History

Done waiting.
You start waiting.
Done waiting.
You see here a +0 club.
There is a stone staircase leading down, spattered with blood here.
You climb downwards.
Level annotation: Robin The hobgoblin barely misses you.
The goblin completely misses you. The goblin hits you with a +0 club.
The goblin hits you but does no damage.
Robin roars a battlecry!
The goblins go into a battle-frenzy!
The hobgoblin closely misses you. The hobgoblin hits you.
The goblin hits you with a +0 club. The goblin misses you.
The hobgoblin misses you. The hobgoblin closely misses you.
The hobgoblin hits you. The goblin hits you with a +0 dagger.
There is a stone staircase leading up, spattered with blood here.
The goblin closely misses you. The hobgoblin closely misses you.
The goblin barely misses you. The hobgoblin hits you.
* * * LOW HITPOINT WARNING * * *
The hobgoblin hits you.
* * * LOW HITPOINT WARNING * * *
The goblin hits you but does no damage.
You climb upwards.
There is a stone staircase leading down, spattered with blood here.
As you read the scroll labelled AGOAM URPHOS, it crumbles to dust.
It is a scroll of enchant weapon.
Your +0 dagger glows red for a moment.
The hobgoblin barely misses you.
The hobgoblin hits you but does no damage.
The goblin closely misses you. The hobgoblin hits you.
* * * LOW HITPOINT WARNING * * *
The goblin hits you but does no damage.
Unknown command.
Casting: Static Discharge (safe; 9% risk of failure)
Confirm with . or Enter, or press ? or * to list all spells.
The hobgoblin is struck by an arc of lightning.
You kill the hobgoblin!
You are struck by an arc of lightning.
* * * LOW HITPOINT WARNING * * *
The lightning grounds out.
The hobgoblin hits you.
You die...

### #.# ######.##########
#...............#
######.#.##.###)################
#.#.##.# #g................
#######......###gg#####..###.####
....[...(......g@g#####..# #.#
#######.#.##.####....##..###.####
#.#....# #.##.##......##.#
#.###### #.##.##......##.# #.#
#.##.##......##.. #.#
#.............#.# #.#
#####..........#.# #.#
#................# #.#
#.####.....##..#.#


You could see 2 hobgoblins and 3 goblins.

Vanquished Creatures
  4 dart slugs (D:1)
  5 ball pythons (D:1)
  4 bats (D:1)
  2 endoplasms (D:1)
  2 giant cockroaches (D:1)
  6 goblins (D:1)
  A hobgoblin (D:1)
  2 jackals (D:1)
  A quokka (D:1)
  2 frilled lizards (D:1)
  4 kobolds (D:1)
  4 rats (D:1)
37 creatures vanquished.

Vanquished Creatures (others)
  3 plants (D:2)
3 creatures vanquished.

Grand Total: 40 creatures vanquished

Notes
Turn   | Place    | Note
-------+----------+-------------------------------------------
     0 | D:1      | Bruhh the Ogre Air Elementalist began the quest for the
                  | Orb.
     0 | D:1      | Reached XP level 1. HP: 16/16 MP: 3/3
    21 | D:1      | Reached skill level 1 in Conjurations
   197 | D:1      | Reached XP level 2. HP: 24/24 MP: 1/5
   249 | D:1      | Reached skill level 3 in Air Magic
   454 | D:1      | Reached XP level 3. HP: 31/31 MP: 0/6
  1421 | D:1      | Learned a level 2 spell: Static Discharge
  1422 | D:2      | Noticed Robin
  1981 | D:1      | Slain by a hobgoblin

Illustrated notes

Levels and vault maps discovered:
D:1:      scummos_arrival_simple_crosswalls, layout_basic
D:2:      layout_basic, serial_shops, shop, serial_bayou, serial_bayou_pond_c,
          serial_bayou_pond_c, serial_bayou_pond_c, serial_bayou_pond_d,
          serial_bayou_pond_d, serial_bayou_ford_a, uniq_robin

Skill      XL: |  1  2  3 |
---------------+----------+-----
Conjurations   | 1 2 |  2.2
Air Magic      | 3 |  3.4
Dodging        | |  1.7
Stealth        | |  1.4
Spellcasting   | |  2.4

Action                   || total
-------------------------++-------
Melee: Unarmed           ||    16
       Punch             ||     1
       Dagger            ||     5
 Cast: Shock             ||    53
       Static Discharge  ||     5
  Use: Scroll            ||     1
       Potion            ||     1
Armor: Robe              ||    29
Dodge: Dodged            ||    49

Table legend: (Time is in decaauts)
 A = Elapsed time spent in this place.
 B = Non-inter-level travel time spent in this place.
 C = Inter-level travel time spent in this place.
 D = Time resting spent in this place.
 E = Time spent auto-exploring this place.
 F = Levels seen in this place.
 G = Mean time per level.
                   A        B        C        D        E       F      G
               +--------+--------+--------+--------+--------+-----+--------+
         Total |   1981 |   1921 |     60 |    591 |   1104 |   2 |  990.5 |
       Dungeon |   1981 |   1921 |     60 |    591 |   1104 |   2 |  990.5 |
               +--------+--------+--------+--------+--------+-----+--------+

Top non-repeatable levels by time:
     D:1: 1877 daAuts
     D:2: 104 daAuts
